Map: [ESL] Blackburn

Players

Rogue

  • Race: Zerg Zerg

Serral - Winner!

  • Race: Zerg Zerg

Event: IEM Katowice 2022

VOD

Have the link to the VOD?

Description

Time

  • Played on: Feb. 27, 2022, 6:01 a.m.
  • Length: 6:56

All games in this series

Show
View Real Time Build Order
Export as new Build Order

Rogue Zerg 

Build Orders: Hatch First 

Get SALT Encoding   

  12  0:00  Drone  
  13  0:12  Overlord  
  13  0:16  Drone  
  14  0:30  Drone x2  
  16  0:36  Drone  
  17  0:55  Hatchery, Drone  
  17  0:58  Drone  
  18  1:08  Extractor  
  17  1:12  Spawning Pool  
  17  1:15  Drone  
  17  1:19  Drone  
  18  1:28  Drone  
  19  1:38  Drone  
  20  1:52  Drone  
  21  2:01  Zergling x2  
  22  2:06  Queen x2  
  26  2:09  Drone  
  26  2:11  Metabolic Boost  
  26  2:14  Overlord  
  27  2:19  Drone  
  28  2:33  Drone  
  28  2:34  Drone x2  
  31  2:42  Drone  
  32  2:45  Hatchery  
  32  2:49  Queen  
  33  2:53  Zergling x2  
  33  2:57  Overlord  
  34  3:00  Zergling x2  
  34  3:05  Drone  
  36  3:10  Evolution Chamber  
  35  3:15  Zergling x2  
  35  3:17  Zergling x2  
  37  3:20  Zergling x12  
  37  3:23  Zergling x2  
  43  3:33  Overlord  
  43  3:36  Zerg Ground Armor Level 1  
  43  3:37  Overlord  
  43  3:43  Overlord  
  43  3:46  Extractor  
  42  3:50  Overlord  
  42  3:53  Drone x4  
  45  3:58  Drone  
  44  4:07  Drone x3  
  44  4:08  Drone x2  
  48  4:10  Drone  
  48  4:13  Roach Warren  
  48  4:15  Lair  
  48  4:17  Drone  
  49  4:18  Drone  
  49  4:21  Drone  
  51  4:26  Drone  
  52  4:31  Drone x3  
  52  4:32  Drone x2  
  52  4:35  Extractor  
  52  4:36  Extractor  
  55  4:44  Overlord  
  55  4:47  Drone x2  
  57  4:53  Roach x7  
  57  4:56  Overlord  
  71  5:01  Drone x3  
  74  5:08  Extractor  
  74  5:11  Drone x3  
  74  5:12  Drone  
  74  5:13  Overseer  
  77  5:16  Roach  
  77  5:17  Roach x2  
  77  5:19  Overlord  
  83  5:22  Glial Reconstitution  
  83  5:27  Roach x2  
  87  5:28  Roach  
  87  5:32  Overlord  
  88  5:37  Overlord  
  88  5:41  Roach x4  
  88  5:42  Ravager  
  97  5:50  Ravager  
  97  5:52  Roach x3  
  97  5:53  Zergling x2  
  97  5:55  Overlord  
  105  6:00  Overlord  
  105  6:13  Roach x4  
  105  6:16  Ravager  
  105  6:17  Overlord  
  111  6:19  Ravager  
  111  6:20  Ravager  
  111  6:21  Zergling x2  
  111  6:22  Roach  
  111  6:24  Roach  
  116  6:27  Overlord  
  116  6:30  Overlord  
  116  6:37  Overlord  
Show
View Real Time Build Order
Export as new Build Order

Serral Zerg - Winner!

Build Orders: Hatch First 

Get SALT Encoding   

  12  0:00  Drone  
  13  0:12  Overlord  
  13  0:17  Drone  
  14  0:30  Drone x2  
  16  0:47  Hatchery  
  15  0:51  Drone  
  15  0:54  Drone  
  17  0:58  Drone  
  18  1:08  Extractor  
  17  1:13  Spawning Pool  
  17  1:16  Drone  
  17  1:20  Drone  
  18  1:27  Drone  
  19  1:38  Drone  
  20  2:01  Drone, Queen x2  
  21  2:02  Zergling x2  
  21  2:03  Overlord  
  26  2:14  Drone x2  
  28  2:23  Drone x2  
  30  2:32  Drone, Overlord  
  31  2:37  Queen x2  
  31  2:42  Drone  
  31  2:43  Overlord  
  36  2:54  Drone x2  
  38  3:04  Drone x2  
  40  3:09  Drone x6  
  40  3:12  Evolution Chamber  
  45  3:15  Lair  
  45  3:23  Roach Warren  
  43  3:28  Drone x2  
  43  3:29  Drone x2  
  43  3:33  Extractor  
  43  3:34  Extractor  
  45  3:38  Zerg Missile Weapons Level 1  
  45  3:41  Drone x2, Evolution Chamber  
  45  3:44  Extractor  
  45  3:47  Drone  
  45  3:48  Drone x2  
  48  3:50  Drone  
  48  3:51  Drone  
  48  3:53  Drone  
  51  4:02  Evolution Chamber  
  50  4:04  Drone x2  
  50  4:06  Queen  
  50  4:07  Overlord  
  53  4:12  Overlord  
  53  4:13  Glial Reconstitution  
  53  4:20  Overlord x2  
  53  4:23  Overlord  
  53  4:26  Overseer  
  53  4:28  Roach  
  53  4:29  Roach  
  57  4:35  Zerg Ground Armor Level 1  
  57  4:37  Roach  
  59  4:39  Roach  
  65  4:45  Roach x2  
  65  4:48  Overlord  
  65  4:50  Roach  
  67  5:01  Roach x4  
  75  5:07  Roach x3  
  75  5:13  Roach x2  
  85  5:17  Overlord  
  85  5:22  Roach x3  
  85  5:28  Overlord  
  91  5:33  Roach  
  91  5:34  Roach x2  
  97  5:41  Roach  
  97  5:42  Roach x2  
  103  5:49  Overlord  
  103  5:52  Roach x3  
  109  5:59  Overlord, Ravager x4  
  109  6:01  Roach  
  115  6:09  Roach  
  117  6:13  Roach x3  
  123  6:19  Roach  
  125  6:26  Ravager x3  
  125  6:28  Roach  
  130  6:38  Hatchery  

Tags
 
Add a new tag
Caveats
  • Supply blocks, unpowered buildings, or Contaminate may cause inaccurate times.
  • Supply counts are checked every 10 seconds.